 Dungeon Crawl Stone Soup version 0.28.0-45-g0d030f2227 (webtiles) character file.

Game seed: 15485668030108604354

39 Kziril the Skirmisher (level 3, -3/24 HPs)
             Began as a Gargoyle Fighter on Apr 20, 2022.
             Was a Follower of Kikubaaqudgha.
             Slain by a gnoll
             ... wielding a +0 halberd
              (6 damage)
             ... on level 2 of the Dungeon.
             The game lasted 00:03:31 (1232 turns).

Kziril the Skirmisher (Gargoyle Fighter)            Turns: 1232, Time: 00:03:31

Health: -3/24      AC: 10    Str: 19    XL:     3   Next: 45%
Magic:  0/3        EV:  9    Int:  8    God:    Kikubaaqudgha [*.....]
Gold:   52         SH:  4    Dex: 11    Spells: 2/2 levels left

rFire   . . .      SeeInvis .   j - +4 whip
rCold   . . .      Faith    .   c - +0 buckler
rNeg    + . .      Spirit   .   b - +0 scale mail
rPois   ∞          Reflect  .   (no helmet)
rElec   +          Harm     .   (no cloak)
rCorr   .          Rampage  .   (no gloves)
Will    .....                   (no boots)
Stlth   ..........              (no amulet)
HPRegen 0.08/turn               (no ring)
MPRegen 0.08/turn               (no ring)

@: no status effects
A: sickness immunity, AC +3, negative energy resistance 1, electricity
resistance, torment resistance 1, petrification resistance
a: Renounce Religion, Receive Corpses


You were on level 2 of the Dungeon.
You worshipped Kikubaaqudgha.
Kikubaaqudgha was aware of your devotion.
You visited 1 branch of the dungeon, and saw 3 of its levels.

You collected 52 gold pieces.

Inventory:

Hand Weapons
 j - a +4 whip (weapon)
Armour
 b - a +0 scale mail (worn)
 c - a +0 buckler (worn)
Jewellery
 g - a ring of protection from fire
Scrolls
 e - a scroll of amnesia {unknown}
 f - a scroll of immolation {unknown}
 h - a scroll of noise {unknown}
 i - a scroll of enchant weapon {unknown}
Potions
 a - a potion of curing {unknown}
 d - 2 potions of might


   Skills:
 * Level 4.0 Fighting
 + Level 2.4 Maces & Flails
 + Level 3.6 Armour
 + Level 3.6 Shields


You had 2 spell levels left.
You didn't know any spells.
Your spell library contained the following spells:

 Spells                   Type           Power      Damage    Failure   Level
 Animate Skeleton         Necr           0%         N/A       86%         1
 Pain                     Necr           0%         1d4       86%         1
 Vampiric Draining        Necr           0%         2d6       99%         3
 Agony                    Necr           0%         N/A       100%        5


Dungeon Overview and Level Annotations

Branches:
Dungeon (3/15)

Altars:
Kikubaaqudgha


Innate Abilities, Weirdness & Mutations

You are immune to sickness and miasma.
Your stone body is resilient. (AC +3)
You are immune to poison.
You resist negative energy. (rN+)
You are resistant to electric shocks. (rElec)
You are resistant to unholy torment.
You are immune to petrification.


Message History

The gnoll closely misses you. x2
You start resting.
A gnoll is nearby!
The gnoll hits you with a +0 spear.
You hit the gnoll.
The gnoll is lightly wounded.
The gnoll hits you but does no damage.
You closely miss the gnoll.
The gnoll is lightly wounded.
The gnoll hits you but does no damage. You block the gnoll's attack.
You closely miss the gnoll.
The gnoll is lightly wounded.
The gnoll barely misses you. x2; The gnoll hits you but does no damage.
Unknown command.
You hit the gnoll but do no damage.
The gnoll is lightly wounded.
The gnoll barely misses you. The gnoll completely misses you.
The gnoll barely misses you.
Unknown command.
You whack the gnoll!
The gnoll is almost dead.
The gnoll barely misses you. The gnoll hits you with a +0 spear.
The gnoll hits you from afar with a +0 halberd.
Unknown command.
You barely miss the gnoll.
The gnoll is almost dead.
The gnoll hits you with a +0 flail.
* * * LOW HITPOINT WARNING * * *
The gnoll hits you but does no damage. The gnoll hits you with a +0 spear.
* * * LOW HITPOINT WARNING * * *
Unknown command.
You closely miss the gnoll.
The gnoll is almost dead.
The gnoll closely misses you.
The gnoll hits you but does no damage. x2
Unknown command.
Kikubaaqudgha delivers you corpses! You block the gnoll's attack.
The gnoll hits you from afar with a +0 halberd.
You die...
Kikubaaqudgha rasps: "You have failed me!
Welcome... oblivion!"

######.....#
#.#.#.....
#...)......#
#.#.######
#.###.###(.# #.#.#
#.#.....#..# #.#.#
#.#...>.#..#
#.#.######
#.....g....#
#.#.......
#.#.....#g.#
#.###.####
#.#...g.#.†# ###.#
#.# #.###g###@##
#...# #.#
#.......gg# #.###
#.# ###......## #.#
#.# #####†### #.#
#.# #......#######
### ..
#......#..≈≈##.#
.≈###..g.###.≈≈..#
P≈≈#......#≈≈≈≈.##
P≈≈≈........≈≈≈≈...#


You could see 3 gnolls.

Vanquished Creatures
  An endoplasm (D:1)
  4 giant cockroaches
  3 goblins
  4 hobgoblins
  4 jackals (D:2)
  3 quokkas (D:1)
  6 ball pythons
  A bat (D:1)
  2 frilled lizards (D:1)
  A kobold (D:2)
  6 rats
35 creatures vanquished.

Vanquished Creatures (others)
  A demonic plant (D:1)
  3 plants (D:2)
4 creatures vanquished.

Grand Total: 39 creatures vanquished

Notes
Turn   | Place    | Note
-------+----------+-------------------------------------------
     0 | D:1      | Kziril the Gargoyle Fighter began the quest for the Orb.
     0 | D:1      | Reached XP level 1. HP: 14/14 MP: 1/1
   108 | D:1      | Reached XP level 2. HP: 10/19 MP: 2/2
   619 | D:1      | Found a faded altar of an unknown god.
   711 | D:1      | Prayed at the altar of an unknown god.
   711 | D:1      | Became a worshipper of Kikubaaqudgha
   711 | D:1      | Reached * piety under Kikubaaqudgha
   711 | D:1      | Received a gift from Kikubaaqudgha
   878 | D:2      | Reached XP level 3. HP: 24/24 MP: 3/3
  1151 | D:2      | Reached skill level 4 in Fighting
  1232 | D:2      | Slain by a gnoll

Illustrated notes

Levels and vault maps discovered:
D:1:      dpeg_arrival_windows_large_door, layout_basic,
          shapermc_ecumenical_altar_gd
D:2:      wad_lake_hut, layout_loops_ring, st_stairs_3, minmay_worlds_worst_comb
D:3:      layout_loops_ring, serial_shops, nicolae_shop_trees,
          kennysheep_another_room

Skill      XL: |  1  2  3 |
---------------+----------+-----
Fighting       | 4 |  4.0
Maces & Flails | |  2.4
Armour         | |  3.6
Shields        | |  3.6

Action                   || total
-------------------------++-------
Melee: Flail             ||    80
       Whip              ||    25
Invok: Receive Corpses   ||     1
Armor: Scale mail        ||    63
Dodge: Dodged            ||    63
Block: Buckler           ||    24
